 Dungeon Crawl Stone Soup version 0.18.1-1-g2f07953 (webtiles) character file.

3754 Wooh the Nimble (level 10, 0/60 HPs)
             Began as a Kobold Assassin on May 7, 2016.
             Was a Priest of Nemelex Xobeh.
             Succumbed to a gnoll sergeant's poison
             ... on level 9 of the Dungeon on May 8, 2016.
             The game lasted 00:44:58 (12522 turns).

Wooh the Nimble (Kobold Assassin)                  Turns: 12522, Time: 00:45:01

Health: 0/60       AC:  4    Str: 19    XL:     10   Next: 37%
Magic:  15/15      EV: 25    Int:  9    God:    Nemelex Xobeh [***...]
Gold:   437        SH:  4    Dex: 20    Spells: 0 memorised, 9 levels left

rFire  . . .     SeeInvis .     a - +2 dagger (pierce)
rCold  . . .     Gourm    .     c - +0 robe
rNeg   . . .     Faith    .     (shield restricted)
rPois  .         Spirit   .     x - +0 helmet
rElec  .         Dismiss  .     d - +0 cloak
rCorr  .         Reflect  +     (no gloves)
SustAt .         Harm     .     (no boots)
MR     .....                    p - +4 amulet of reflection
Stlth  ++++......               G - +4 ring of strength
                                h - +4 ring of strength

@: lethally poisoned (0 -> -3), exhausted, slowed, drained, very slow, not
resistant to hostile enchantments, stealthy
A: talons 1, carnivore 3, wild magic 1
a: Triple Draw, Renounce Religion


You were on level 9 of the Dungeon.
You worshipped Nemelex Xobeh.
Nemelex Xobeh was most pleased with you.
You were very full.

You visited 1 branch of the dungeon, and saw 9 of its levels.

You collected 437 gold pieces.

Inventory:

Hand Weapons
 a - a +2 dagger of piercing (weapon)
 b - a +0 blowgun
Missiles
 e - a poisoned needle
 f - 2 curare-tipped needles
 v - 15 tomahawks (quivered)
 E - a throwing net
Armour
 c - a +0 robe (worn)
 d - a +0 cloak (worn)
 x - a +0 helmet (worn)
Jewellery
 h - a +4 ring of strength (left hand)
 p - a +4 amulet of reflection (around neck)
 s - an uncursed ring of positive energy {unknown}
 z - an uncursed ring of resist corrosion
 D - an uncursed ring of magical power
 G - a +4 ring of strength (right hand)
Wands
 K - a wand of flame (32/48)
 L - a wand of digging (10/24)
Scrolls
 j - 2 scrolls of fear
 l - a scroll of magic mapping {unknown}
 m - 2 scrolls of remove curse
 o - a scroll of random uselessness {unknown}
 w - 3 scrolls of teleportation
 y - a scroll of fog {unknown}
 H - a scroll of noise {unknown}
 N - a scroll of enchant armour {unknown}
Potions
 k - a potion of berserk rage
 n - a potion of flight
 u - 3 potions of cancellation
 B - 6 potions of cure mutation
 F - 2 potions of magic
 M - a potion of brilliance
Miscellaneous
 J - a plain deck of destruction
Comestibles
 g - 6 meat rations
 i - a slice of pizza
 r - 2 beef jerkies
 t - a royal jelly


   Skills:
 - Level 6.0(5.9) Fighting
 - Level 7.2(7.0) Short Blades
 + Level 5.9(5.8) Throwing
 - Level 11.3(11.1) Dodging
 - Level 5.3(5.1) Stealth
 - Level 6.7(6.5) Evocations


You had 9 spell levels left.
You didn't know any spells.

Dungeon Overview and Level Annotations

Branches:
Dungeon (9/15)             Temple (0/1) D:6            Lair (0/8) D:8
    Orc: D:9-12

Altars:
Elyvilon
Fedhas
Gozag
Kikubaaqudgha
Nemelex Xobeh
Okawaru
Pakellas
Qazlal
Ru
Sif Muna
Vehumet
Xom
Yredelemnul
The Shining One

Shops:
D:7 ?


Innate Abilities, Weirdness & Mutations

You are small and have problems with some larger weapons.
You are carnivorous and can eat meat at any time.
You have sharp toenails.
Your spells are a little harder to cast, but a little more powerful.


Message History

You closely miss the orc priest.
You claw the orc priest, but do no damage.
You block the orc priest's attack.
You hit the orc priest but do no damage.
You claw the orc priest, but do no damage.
* * * LOW HITPOINT WARNING * * *
You feel sick. The orc priest completely misses you.
* * * LOW HITPOINT WARNING * * *
You feel sick. You block the orc priest's attack. The orc misses you.
Things that are here:
a whip; a ring mail; an orc corpse Evoke which item? (* to show all) (? for menu, Esc to quit)
You draw a card...
It is Degeneration.
The deck of cards disappears without a trace.
The orc priest evaporates and reforms as a gnoll!
The gnoll twists and deforms.
The orc evaporates and reforms as a giant newt!
The giant newt twists and deforms.
You die...
Your body disappears without a glow.

#.............#
#.............#
#.............#
#......((..?$.#
#.............#
#.......(..(..#
#......(.(....#
#....))..l(...#
#......}.g@)(.#
############()#
##))########
#..))......#
#..)รท..(...#
#####...>.(....'
#.....)........#
#.........(....#
######..............#


You could see a gnoll and a giant newt.

Vanquished Creatures
  A spriggan (D:7)
  2 orc warriors
  An ice beast (D:8)
  2 black bears
  2 phantoms (D:7)
  3 ogres
  3 centaurs
  5 giant frogs
  2 gnoll sergeants
  2 scorpions
  9 killer bees (D:7)
  3 howler monkeys
  The ghost of ThereIsNoGod the Skirmisher, a weakling GrFi (D:4)
  3 crimson imps
  2 giant frog zombies
  A centaur zombie (D:7)
  4 hounds
  A centaur skeleton (D:7)
  3 orc priests
  A giant frog skeleton (D:3)
  An iguana (D:4)
  5 orc wizards
  6 worker ants
  A hound zombie (D:7)
  3 hound skeletons
  A worker ant zombie (D:6)
  Robin (D:2)
  11 gnolls
  A howler monkey skeleton (D:3)
  15 adders
  3 shadow imps
  2 oozes
  An adder skeleton (D:5)
  3 worms
  7 giant geckos
  24 orcs
  8 bats
  4 giant cockroaches
  18 goblins
  6 hobgoblins
  2 jackals (D:8)
  4 kobolds
  6 quokkas
  4 ball pythons
  A giant gecko skeleton (D:7)
  7 giant newts
  2 jackal skeletons
  8 rats
206 creatures vanquished.

Vanquished Creatures (collateral kills)
  An ice beast (D:5)
  An orc wizard (D:7)
  A gnoll shaman (D:9)
  3 gnolls (D:9)
  3 orcs (D:7)
9 creatures vanquished.

Grand Total: 215 creatures vanquished

Notes
Turn   | Place    | Note
--------------------------------------------------------------
     0 | D:1      | Wooh the Kobold Assassin began the quest for the Orb.
     0 | D:1      | Reached XP level 1. HP: 12/12 MP: 1/1
     1 | D:1      | You fall through a shaft!
     4 | D:2      | Reached XP level 2. HP: 17/17 MP: 2/2
   298 | D:1      | Reached skill level 2 in Dodging
   340 | D:1      | Reached XP level 3. HP: 21/21 MP: 3/3
  1213 | D:2      | Reached skill level 5 in Short Blades
  1213 | D:2      | Reached XP level 4. HP: 13/26 MP: 4/4
  1487 | D:2      | Found a shimmering altar of Xom.
  1516 | D:2      | Found a radiant altar of Vehumet.
  2443 | D:2      | Noticed Robin
  2478 | D:2      | Killed Robin
  2478 | D:2      | Reached XP level 5. HP: 21/30 MP: 5/5
  3755 | D:3      | Reached XP level 6. HP: 35/35 MP: 6/6
  3893 | D:4      | Reached skill level 3 in Dodging
  4425 | D:4      | Found a sparkling altar of Nemelex Xobeh.
  4431 | D:4      | Became a worshipper of Nemelex Xobeh the Trickster
  4586 | D:4      | Reached skill level 4 in Dodging
  4655 | D:4      | Received a gift from Nemelex Xobeh
  4712 | D:4      | Reached skill level 5 in Dodging
  4712 | D:4      | Reached XP level 7. HP: 10/40 MP: 7/7
  5022 | D:4      | Reached skill level 1 in Evocations
  5318 | D:4      | Noticed ThereIsNoGod's ghost (weakling GrFi)
  5327 | D:4      | Killed ThereIsNoGod's ghost
  5740 | D:5      | Entered Level 5 of the Dungeon
  5740 | D:5      | Found an oddly glowing altar of Pakellas.
  5795 | D:5      | Reached * piety under Nemelex Xobeh
  6240 | D:5      | Found a deep blue altar of Sif Muna.
  6247 | D:5      | Reached skill level 5 in Evocations
  6303 | D:5      | HP: 2/40 [ogre/giant spiked club (24)]
  6309 | D:5      | Reached XP level 8. HP: 3/44 MP: 10/12
  7313 | D:5      | Reached skill level 6 in Dodging
  7768 | D:6      | Received a gift from Nemelex Xobeh
  7799 | D:5      | Reached skill level 7 in Dodging
  8219 | D:6      | Found a staircase to the Ecumenical Temple.
  8378 | D:6      | Reached skill level 8 in Dodging
  8417 | D:6      | Reached XP level 9. HP: 44/48 MP: 14/14
  8635 | D:6      | Found a blossoming altar of Fedhas.
  8836 | D:6      | Found a white marble altar of Elyvilon.
  8893 | D:6      | Found a basalt altar of Yredelemnul.
  8960 | D:6      | Reached skill level 9 in Dodging
  9028 | D:7      | Received a gift from Nemelex Xobeh
  9247 | D:7      | Found an opulent altar of Gozag.
  9298 | D:7      | Reached skill level 10 in Dodging
  9634 | D:7      | Reached ** piety under Nemelex Xobeh
  9809 | D:7      | Found an ancient bone altar of Kikubaaqudgha.
  9940 | D:7      | Received a gift from Nemelex Xobeh
  9958 | D:7      | Found Defit's Magic Scroll Shop.
 10085 | D:7      | Reached skill level 11 in Dodging
 10232 | D:7      | Found a glowing golden altar of the Shining One.
 10232 | D:7      | Found a sacrificial altar of Ru.
 10910 | D:7      | Reached skill level 5 in Fighting
 10910 | D:7      | Reached XP level 10. HP: 59/59 MP: 15/15
 11279 | D:8      | Found an oddly glowing altar of Pakellas.
 11305 | D:8      | Found a staircase to the Lair.
 11325 | D:7      | Gained mutation: You have sharp toenails. [potion of beneficial mutation]
 11326 | D:7      | Gained mutation: Your spells are a little harder to cast, but a little more powerful. [potion of beneficial mutation]
 11448 | D:8      | Found a stormy altar of Qazlal.
 11616 | D:8      | Found an iron altar of Okawaru.
 12346 | D:9      | Reached skill level 5 in Throwing
 12372 | D:9      | Reached *** piety under Nemelex Xobeh
 12486 | D:9      | Received a gift from Nemelex Xobeh
 12516 | D:9      | HP: 4/90 [poisoned by a gnoll sergeant]
 12521 | D:9      | HP: 1/60 [poisoned by a gnoll sergeant]
 12522 | D:9      | Succumbed to a gnoll sergeant's poison

Skill      XL: |  1  2  3  4  5  6  7  8  9 10 |
---------------+-------------------------------+-----
Short Blades   | 3 5 6 7 |  7.2
Dodging        | 2 5 8 11 | 11.3
Evocations     | 5 6 |  6.7
Fighting       | 5 6 |  6.0
Throwing       | 5 |  5.9
Stealth        | |  5.3

Action                   |  1- 3 |  4- 6 |  7- 9 | 10-12 || total
-------------------------+-------+-------+-------+-------++-------
Melee: Dagger            |    81 |   207 |   623 |   198 ||  1109
       Kick              |       |       |       |    50 ||    50
 Fire: Blowgun           |       |    26 |   117 |    37 ||   180
Throw: Tomahawk          |       |       |     2 |     2 ||     4
Evoke: Deck              |       |       |     9 |     9 ||    18
  Use: Potion            |       |     2 |       |     6 ||     8
       Scroll            |       |       |       |    10 ||    10
 Stab: Sleeping          |    12 |    13 |    13 |     3 ||    41
       Distracted        |       |     2 |     3 |       ||     5
  Eat: Chunk             |     6 |    13 |    17 |     8 ||    44
Armor: Robe              |     7 |    22 |    38 |    11 ||    78
Dodge: Dodged            |    48 |   111 |   472 |   121 ||   752
Block: Other             |     3 |    17 |    98 |    33 ||   151
       Reflection        |       |       |     1 |     1 ||     2
